Map: Daybreak LE (Void)

Players

ByuL - Winner!

  • Race: Zerg Zerg
  • Spawn Location: 1:00

Classic

  • Race: Protoss Protoss
  • Spawn Location: 7:00

Event: IEM Season 11 - Gyeonggi

VOD

Have the link to the VOD?

Description

Time

  • Played on: Dec. 14, 2016, 5:40 a.m.
  • Length: 13:48

All games in this series

Show
View Real Time Build Order
Export as new Build Order

ByuL Zerg - Winner!

Build Orders: Pool First 

Get SALT Encoding   

  12  0:17  Spawning Pool  
  11  0:22  Drone  
  11  0:27  Drone  
  13  0:31  Drone  
  14  0:40  Overlord  
  14  1:04  Zergling x4  
  14  1:06  Zergling x2  
  17  1:16  Zergling x2  
  18  1:20  Hatchery  
  17  1:27  Zergling x2  
  18  1:36  Queen  
  20  1:41  Drone  
  21  1:49  Drone  
  22  2:00  Overlord  
  22  2:14  Drone  
  21  2:18  Queen  
  22  2:23  Drone  
  23  2:31  Drone  
  23  2:37  Drone  
  25  2:43  Drone  
  26  2:48  Drone, Hatchery  
  26  2:50  Drone  
  26  2:55  Drone  
  26  2:56  Drone  
  28  3:00  Drone  
  28  3:03  Drone  
  28  3:05  Drone  
  31  3:07  Extractor  
  30  3:16  Overlord  
  30  3:17  Drone  
  31  3:23  Queen  
  31  3:24  Drone  
  34  3:27  Drone  
  34  3:28  Drone  
  34  3:33  Overlord  
  35  3:35  Drone  
  35  3:36  Drone  
  35  3:39  Drone  
  39  3:41  Drone  
  39  3:44  Zergling x2  
  39  3:45  Zergling x2  
  41  3:49  Zergling x2  
  41  3:50  Zergling x2  
  41  3:55  Zergling x2  
  44  3:59  Queen  
  46  4:04  Extractor  
  46  4:06  Overlord  
  46  4:09  Drone  
  46  4:10  Drone x2  
  46  4:12  Drone  
  46  4:15  Drone  
  51  4:17  Drone x2  
  51  4:21  Drone  
  51  4:23  Metabolic Boost  
  53  4:32  Drone, Overlord  
  53  4:33  Drone x4  
  53  4:38  Drone x2  
  60  4:39  Drone  
  60  4:40  Drone  
  62  4:46  Drone x2  
  62  4:49  Roach Warren  
  62  4:51  Drone  
  65  4:52  Drone  
  65  4:53  Drone  
  65  4:56  Drone x2  
  68  5:00  Pneumatized Carapace  
  68  5:09  Baneling Nest  
  68  5:11  Overlord  
  68  5:12  Overlord  
  68  5:16  Overlord  
  68  5:22  Evolution Chamber  
  67  5:29  Hatchery  
  67  5:31  Zergling x2  
  67  5:32  Zergling x18  
  76  5:36  Zergling x6  
  76  5:39  Zergling x2  
  76  5:42  Zergling x2  
  81  5:45  Zergling x6  
  81  5:46  Zergling x8  
  87  5:50  Zerg Melee Weapons Level 1  
  87  5:51  Lair  
  87  5:53  Baneling x2  
  87  5:56  Queen  
  89  6:01  Overlord  
  89  6:02  Overlord  
  89  6:04  Overlord  
  89  6:11  Queen  
  90  6:14  Drone x3  
  90  6:15  Drone  
  89  6:19  Drone x3  
  89  6:20  Drone x3  
  87  6:26  Drone  
  87  6:28  Drone x3  
  84  6:40  Drone, Spore Crawler, Extractor x2  
  84  6:42  Drone x3, Spore Crawler  
  84  6:46  Spore Crawler  
  84  6:47  Extractor  
  84  6:49  Extractor  
  84  6:50  Spore Crawler, Queen  
  84  6:53  Drone x2  
  85  6:55  Overseer  
  85  6:58  Zergling x2  
  85  6:59  Zergling x6  
  85  7:00  Zergling x2  
  90  7:02  Drone x3  
  90  7:03  Drone x2  
  95  7:10  Centrifical Hooks  
  95  7:11  Zergling x2  
  95  7:12  Zergling x6  
  95  7:14  Zergling x8  
  99  7:17  Baneling  
  99  7:18  Baneling  
  99  7:19  Zergling x8  
  101  7:25  Zergling x6  
  101  7:26  Zergling x2  
  101  7:28  Zergling x4  
  107  7:30  Baneling x3  
  107  7:31  Baneling  
  107  7:36  Zergling x4  
  107  7:37  Baneling x4  
  107  7:43  Zergling x4  
  107  7:44  Zergling x8  
  102  7:48  Drone  
  103  7:57  Hydralisk Den  
  102  7:58  Drone x2  
  102  7:59  Drone  
  105  8:06  Queen  
  105  8:08  Zerg Missile Weapons Level 1  
  107  8:13  Hatchery  
  107  8:17  Overseer  
  106  8:25  Spore Crawler  
  105  8:28  Overlord, Muscular Augments  
  105  8:29  Overlord x4  
  105  8:38  Drone x2  
  105  8:39  Drone  
  105  8:44  Hydralisk x6  
  105  8:45  Hydralisk  
  105  8:48  Drone x4  
  112  8:49  Hydralisk x3  
  112  8:53  Hydralisk x2  
  124  8:58  Hydralisk  
  124  9:01  Hydralisk x2  
  130  9:04  Hydralisk  
  132  9:17  Drone, Evolution Chamber  
  131  9:18  Drone x5  
  137  9:24  Baneling  
  137  9:25  Baneling x7  
  137  9:27  Hydralisk  
  132  9:32  Drone x2  
  132  9:33  Drone  
  132  9:34  Drone  
  132  9:38  Drone x2  
  138  9:41  Drone x3  
  138  9:44  Drone  
  138  9:45  Drone, Spore Crawler  
  142  9:50  Drone  
  142  9:52  Hydralisk  
  143  9:56  Overseer  
  143  9:59  Overlord x2  
  143  10:01  Zerg Melee Weapons Level 2  
  143  10:02  Overlord  
  143  10:04  Zerg Missile Weapons Level 2, Overlord  
  139  10:09  Overlord  
  139  10:15  Overlord  
  139  10:16  Overlord x4  
  139  10:17  Overseer  
  139  10:23  Hydralisk  
  139  10:27  Hydralisk x3  
  146  10:30  Hydralisk  
  147  10:38  Hydralisk x6  
  159  10:45  Hydralisk x2  
  159  10:46  Hydralisk  
  165  10:51  Overlord  
  165  10:56  Hydralisk  
  165  10:57  Hydralisk x2  
  171  11:04  Overlord  
  171  11:05  Overlord  
  169  11:14  Baneling x4  
  169  11:15  Baneling x4  
  169  11:21  Hatchery  
  169  11:23  Hydralisk  
  169  11:24  Hydralisk x7  
  183  11:33  Hydralisk  
  183  11:34  Hydralisk x4  
  172  11:50  Overseer x5  
  172  11:54  Hydralisk x3  
  172  12:00  Hydralisk x3  
  172  12:01  Hydralisk  
  184  12:03  Drone  
  187  12:10  Overseer  
  187  12:11  Overseer  
  187  12:12  Zergling x14  
  187  12:13  Zergling x6  
  197  12:16  Drone  
  198  12:26  Overlord  
  177  12:49  Hydralisk x6  
  177  12:50  Hydralisk x7  
  168  12:53  Hydralisk  
  168  12:55  Zergling x8  
  163  13:01  Hydralisk x2  
  163  13:02  Zergling x2  
  163  13:03  Zergling x6  
  159  13:17  Hydralisk x3  
  159  13:18  Hydralisk x2  
  159  13:19  Zergling x4  
  157  13:22  Extractor x2  
  157  13:27  Overseer  
  153  13:30  Zergling x2  
Show
View Real Time Build Order
Export as new Build Order

Classic Protoss 

Build Orders: Nexus First 

Get SALT Encoding   

  12  0:00  Probe (Chrono Boost)  
  13  0:11  Probe (Chrono Boost)  
  14  0:17  Pylon  
  14  0:22  Probe (Chrono Boost)  
  16  0:35  Probe (Chrono Boost)  
  16  0:46  Probe (Chrono Boost)  
  17  0:58  Nexus  
  17  1:08  Gateway  
  17  1:12  Probe (Chrono Boost)  
  17  1:18  Assimilator  
  18  1:22  Probe (Chrono Boost)  
  18  1:25  Assimilator  
  19  1:33  Probe (Chrono Boost)  
  20  1:42  Pylon  
  20  1:43  Probe (Chrono Boost)  
  22  1:56  Zealot (Chrono Boost)  
  23  2:08  Cybernetics Core  
  23  2:12  Probe (Chrono Boost)  
  23  2:13  Probe (Chrono Boost)  
  17  2:24  Probe (Chrono Boost)  
  17  2:25  Probe (Chrono Boost)  
  19  2:34  Probe (Chrono Boost)  
  19  2:35  Probe (Chrono Boost)  
  20  2:45  Probe (Chrono Boost)  
  20  2:46  Probe (Chrono Boost)  
  20  2:49  Adept (Chrono Boost)  
  24  2:55  Probe (Chrono Boost)  
  24  2:56  Probe (Chrono Boost)  
  26  3:04  Assimilator  
  26  3:06  Probe (Chrono Boost)  
  26  3:07  Probe (Chrono Boost)  
  28  3:15  Adept  
  28  3:18  Probe (Chrono Boost)  
  31  3:20  Probe (Chrono Boost)  
  31  3:29  Probe (Chrono Boost)  
  31  3:31  Probe (Chrono Boost)  
  31  3:34  Warp Gate  
  33  3:40  Probe (Chrono Boost)  
  34  3:42  Probe (Chrono Boost)  
  35  3:49  Twilight Council  
  35  3:51  Probe (Chrono Boost)  
  35  3:52  Probe (Chrono Boost)  
  37  3:56  Adept  
  37  4:01  Probe (Chrono Boost)  
  41  4:03  Probe (Chrono Boost)  
  41  4:07  Pylon  
  41  4:12  Mothership Core (Chrono Boost)  
  41  4:14  Probe (Chrono Boost)  
  44  4:24  Probe (Chrono Boost)  
  44  4:27  Resonating Glaives (Chrono Boost)  
  44  4:30  Probe  
  46  4:34  Gateway  
  46  4:36  Gateway  
  46  4:37  Probe  
  46  4:42  Probe  
  46  4:43  Pylon  
  46  4:45  Adept  
  50  4:48  Probe  
  50  4:50  Pylon  
  51  4:57  Assimilator  
  51  4:58  Assimilator, Probe x2  
  53  5:07  Pylon  
  53  5:09  Probe  
  53  5:10  Probe  
  55  5:14  Stargate  
  55  5:19  Probe  
  55  5:22  Probe  
  55  5:23  Stargate  
  57  5:30  Pylon  
  57  5:37  Adept  
  57  5:38  Adept x2  
  63  5:49  Probe  
  63  5:50  Probe  
  65  5:58  Adept  
  65  6:02  Pylon  
  65  6:03  Adept  
  65  6:04  Adept  
  71  6:13  Phoenix (Chrono Boost)  
  71  6:14  Phoenix (Chrono Boost)  
  71  6:25  Adept x3  
  69  6:36  Phoenix x2 (Chrono Boost)  
  73  6:40  Nexus  
  73  6:44  Pylon  
  73  6:48  Adept x3  
  79  6:57  Phoenix (Chrono Boost)  
  79  6:58  Phoenix (Chrono Boost)  
  79  6:59  Probe  
  79  7:00  Probe  
  85  7:02  Protoss Air Weapons Level 1  
  85  7:11  Probe, Adept  
  85  7:12  Probe, Adept  
  91  7:24  Probe x2  
  91  7:27  Pylon  
  93  7:31  Adept  
  93  7:32  Adept  
  97  7:38  Phoenix x2 (Chrono Boost)  
  99  7:46  Probe x2  
  99  7:48  Gateway  
  99  7:50  Gateway  
  101  7:52  Sentry, Adept  
  101  7:53  Adept  
  107  8:00  Pylon  
  107  8:03  Phoenix (Chrono Boost)  
  109  8:08  Phoenix (Chrono Boost)  
  111  8:16  Pylon  
  111  8:19  Adept x3  
  117  8:24  Pylon  
  117  8:25  Probe  
  117  8:26  Probe x2  
  120  8:33  Phoenix (Chrono Boost)  
  120  8:34  Phoenix (Chrono Boost)  
  124  8:48  Adept  
  124  8:49  Adept x2  
  124  8:50  Probe  
  124  8:51  Assimilator  
  124  8:52  Probe  
  132  8:56  Assimilator  
  132  8:58  Pylon  
  132  9:03  Pylon  
  132  9:13  Fleet Beacon  
  132  9:16  Stargate  
  136  9:31  Phoenix x2 (Chrono Boost)  
  136  9:36  Forge  
  136  9:38  Pylon  
  136  9:49  Pylon  
  136  10:00  Carrier x2 (Chrono Boost)  
  148  10:07  Carrier (Chrono Boost)  
  152  10:14  Photon Cannon  
  152  10:15  Protoss Ground Armor Level 1  
  152  10:19  Pylon  
  152  10:28  Nexus  
  158  10:35  Pylon  
  158  10:37  Pylon  
  158  10:41  Protoss Air Weapons Level 2  
  158  10:46  Probe  
  158  10:47  Probe x2  
  161  10:54  Graviton Catapult  
  161  11:00  Photon Cannon, Pylon  
  161  11:03  Photon Cannon  
  158  11:20  Adept x5  
  164  11:41  Adept x4  
  164  11:42  Adept  
  164  11:43  Phoenix (Chrono Boost)  
  164  11:44  Phoenix x2 (Chrono Boost)  
  178  11:49  Pylon  
  178  11:50  Pylon  
  178  12:05  Phoenix x3 (Chrono Boost)  
  184  12:10  Sentry  
  184  12:11  Adept x4  
  194  12:27  Phoenix x2 (Chrono Boost)  
  194  12:29  Phoenix (Chrono Boost)  
  110  12:54  Adept x5  
  83  13:16  Adept x4  
  83  13:18  Adept  

Tags
 
Add a new tag
Caveats
  • Supply blocks, unpowered buildings, or Contaminate may cause inaccurate times.
  • Supply counts are checked every 10 seconds.